 Dungeon Crawl Stone Soup version 0.28.0-53-g5a82cb258f (webtiles) character file.

Game seed: 36927534303393219

29 H0rd4k the Charlatan (level 3, 0/26 HPs)
             Began as a Human Artificer on July 19, 2022.
             Succumbed to an adder's poison
             ... on level 2 of the Dungeon.
             The game lasted 00:00:43 (1798 turns).

H0rd4k the Charlatan (Human Artificer)              Turns: 1798, Time: 00:00:44

Health: 0/26       AC:  3    Str: 12    XL:     3   Next: 32%
Magic:  3/3        EV: 11    Int: 13    God:
Gold:   63         SH:  0    Dex: 13    Spells: 2/2 levels left

rFire   . . .      SeeInvis .   h - +2 dagger (freeze)
rCold   . . .      Faith    .   (no shield)
rNeg    . . .      Spirit   .   b - +0 leather armour
rPois   .          Reflect  .   (no helmet)
rElec   .          Harm     .   (no cloak)
rCorr   .          Rampage  .   (no gloves)
Will    .....                   (no boots)
Stlth   +.........              (no amulet)
HPRegen 0.08/turn               (no ring)
MPRegen 0.08/turn               (no ring)

@: lethally poisoned (0 -> -3)
A: no striking features
a: no special abilities


You were on level 2 of the Dungeon.
You visited 1 branch of the dungeon, and saw 2 of its levels.

You collected 63 gold pieces.

Inventory:

Hand Weapons
 a - a +0 club
 h - a +2 dagger of freezing (weapon)
Armour
 b - a +0 leather armour (worn)
Jewellery
 j - a ring of poison resistance
Wands
 c - a wand of flame (15) (quivered)
 d - a wand of charming (15)
Scrolls
 f - a scroll of teleportation {unknown}
 g - 2 scrolls of identify {unknown}
Potions
 i - a potion of heal wounds {unknown}
Miscellaneous
 e - a piece from Xom's chessboard (15/15)


   Skills:
 + Level 1.2 Fighting
 + Level 0.1 Short Blades
 - Level 2.0 Armour
 + Level 1.4 Dodging
 - Level 1.0 Stealth
 + Level 3.9 Evocations


You had 2 spell levels left.
You didn't know any spells.
Your spell library was empty.

Dungeon Overview and Level Annotations

Branches:
Dungeon (2/15)

Altars:


Message History

The adder bites you.
An adder is nearby!
You hit the adder.
The adder seems to slow down.
You freeze the adder.
The adder is lightly wounded.
You feel sick. The adder closely misses you.
An adder is nearby!
You hit the adder. You freeze the adder.
The adder is moderately wounded.
You feel sick. The adder bites you.
You are more poisoned.
The adder poisons you!
An adder is nearby!
You are too injured to fight recklessly!
You are too injured to fight recklessly!
An adder is nearby!
You are too injured to fight recklessly!
An adder is nearby!
You barely miss the adder.
The adder is moderately wounded.
You feel sick.
You miss the adder.
The adder is moderately wounded.
You feel sick. The adder barely misses you.
You hit the adder but do no damage.
The adder is moderately wounded.
You feel sick. The adder closely misses you.
You barely miss the adder.
The adder is moderately wounded.
You feel sick.
The adder is no longer moving slowly.
The adder bites you.
* * * LOW HITPOINT WARNING * * *
You are more poisoned.
The adder poisons you!
You barely miss the adder.
The adder is moderately wounded.
* * * LOW HITPOINT WARNING * * *
You feel sick. The adder bites you.
* * * LOW HITPOINT WARNING * * *
You hit the adder. You freeze the adder.
The adder is almost dead.
You die...

## ######.
#.####.#.......
........S....# #@#
####..# #.# #.#
..##..# #.# #.#
#<##..# ##.# #.#
#.##..# #..# #.#
#.##..# #.## #.#
#.##.##..# #.# #.#
#.##.##..# #.# #.#
#........####.#####.#


You could see an adder.

Vanquished Creatures
  An adder (D:2)
  A bat (D:1)
  2 endoplasms (D:1)
  A giant cockroach (D:1)
  5 goblins
  2 hobgoblins (D:1)
  A quokka (D:1)
  A ball python (D:1)
  A frilled lizard (D:1)
  2 kobolds
  4 rats
21 creatures vanquished.

Vanquished Creatures (others)
  A plant (D:1)
1 creature vanquished.

Grand Total: 22 creatures vanquished

Notes
Turn   | Place    | Note
-------+----------+-------------------------------------------
     0 | D:1      | H0rd4k the Human Artificer began the quest for the Orb.
     0 | D:1      | Reached XP level 1. HP: 15/15 MP: 1/1
   480 | D:1      | Reached XP level 2. HP: 21/21 MP: 2/2
  1489 | D:1      | Found a faded altar of an unknown god.
  1601 | D:2      | Reached XP level 3. HP: 22/26 MP: 3/3
  1797 | D:2      | HP: 1/26 [adder (3)]
  1798 | D:2      | Succumbed to an adder's poison

Illustrated notes

Levels and vault maps discovered:
D:1:      dpeg_arrival_circle_labyrinth_a, layout_loops_ring,
          shapermc_ecumenical_altar_petra
D:2:      layout_loops_ring, st_stairs_6

Action                   || total
-------------------------++-------
Melee: Club              ||    18
       Dagger            ||    56
       Punch             ||     1
Armor: Leather armour    ||    13
Dodge: Dodged            ||    49
